 Dungeon Crawl Stone Soup version 0.29-a0-723-gce39da1c22 (webtiles) character file.

Game seed: 16579060240464795220

560 dolemite99 the Digger (level 7, -1/44 HPs)
             Began as a Gargoyle Earth Elementalist on June 29, 2022.
             Was a Believer of Vehumet.
             Slain by a gnoll
             ... wielding a +2 flail of protection
             ... led by a gnoll shaman
              (8 damage)
             ... on level 5 of the Dungeon.
             The game lasted 00:06:22 (5402 turns).

dolemite99 the Digger (Gargoyle Earth Elementalist) Turns: 5402, Time: 00:06:22

Health: -1/44      AC:  9    Str: 11    XL:     7   Next: 31%
Magic:  4/10       EV: 11    Int: 18    God:    Vehumet [**....]
Gold:   226        SH:  0    Dex: 10    Spells: 1/10 levels left

rFire   . . .      SeeInvis .   g - +2 dagger (drain)
rCold   . . .      Faith    .   (no shield)
rNeg    + . .      Spirit   .   a - +0 robe
rPois   ∞          Reflect  .   o - +0 helmet
rElec   +          Harm     .   (no cloak)
rCorr   .          Rampage  .   (no gloves)
Will    .....                   e - +1 pair of boots
Stlth   ++........              (no amulet)
HPRegen 0.14/turn               (no ring)
MPRegen 0.12/turn               (no ring)

@: no status effects
A: sickness immunity, AC +4, negative energy resistance 1, electricity
resistance, torment resistance 1, petrification resistance
a: Renounce Religion


You were on level 5 of the Dungeon.
You worshipped Vehumet.
Vehumet was pleased with you.
You visited 1 branch of the dungeon, and saw 5 of its levels.

You collected 226 gold pieces.

Inventory:

Hand Weapons
 c - a +2 dagger of flaming
 g - a +2 dagger of draining (weapon)
Missiles
 i - 2 throwing nets
 l - 71 stones
Armour
 a - a +0 robe (worn)
 e - a +1 pair of boots (worn)
 k - an orb of mayhem
 o - a +0 helmet (worn)
Jewellery
 d - a +6 ring of strength
 n - a ring of positive energy
Wands
 b - a wand of flame (15)
Scrolls
 h - a scroll of blinking
 p - a scroll of identify {@r1}
Potions
 f - 4 potions of flight
 j - a potion of mutation
 m - a potion of might {unknown}


   Skills:
 - Level 4.8 Fighting
 - Level 1.5 Dodging
 - Level 2.1 Stealth
 - Level 2.0 Spellcasting
 - Level 3.4 Conjurations
 - Level 0.7 Transmutations
 + Level 6.9 Earth Magic


You had one spell level left.
You knew the following spells:

 Your Spells              Type           Power      Damage    Failure   Level
a - Sandblast             Erth           52%        2d12      1%          1
b - Passwall              Tmut/Erth      12%        N/A       5%          2
c - Stone Arrow           Conj/Erth      40%        3d9       6%          3
d - Frozen Ramparts       Ice            2%         1d2       47%         3

Your spell library contained the following spells:

 Spells                   Type           Power      Damage    Failure   Level
 Magic Dart               Conj           56%        1d5       4%          1
 Slow                     Hex            4%         N/A       19%         1
 Call Imp                 Summ           1%         N/A       26%         2
 Ensorcelled Hibernation  Hex/Ice        2%         N/A       26%         2
 Mephitic Cloud           Conj/Pois/Air  5%         N/A       34%         3
 Petrify                  Tmut/Erth      15%        N/A       36%         4
 Confusing Touch          Hex            1%         N/A       47%         3
 Swiftness                Air            1%         N/A       47%         3
 Vampiric Draining        Necr           1%         2d6       47%         3
 Yara's Violent Unravell  Hex/Tmut       1%         3d3       99%         5
 Enfeeble                 Hex            0%         N/A       100%        7


Dungeon Overview and Level Annotations

Branches:
Dungeon (5/15)             Temple (0/1) D:4

Altars:
Elyvilon
Fedhas
Kikubaaqudgha
Makhleb
Vehumet
Wu Jian

Shops:
D:3 (


Innate Abilities, Weirdness & Mutations

You are immune to sickness and miasma.
Your stone body is resilient. (AC +4)
You are immune to poison.
You resist negative energy. (rN+)
You are resistant to electric shocks. (rElec)
You are resistant to unholy torment.
You are immune to petrification.


Message History

Press: ? - help, Shift-Dir - straight line, f/p - gnoll
Aim: a gnoll, wielding a +0 spear (heavily wounded, 83% to hit)
The blast of sand misses the gnoll.
The gnoll hits you from afar with a +0 spear. x2
Casting: Sandblast (safe; 1% risk of failure)
Confirm with . or Enter, or press ? or * to list all spells.
Aiming: Sandblast (safe; 1% risk of failure)
Press: ? - help, Shift-Dir - straight line, f/p - gnoll
Aim: a gnoll, wielding a +0 spear (heavily wounded, 83% to hit)
The blast of sand hits the gnoll but does no damage.
The gnoll hits you from afar with a +0 spear.
The gnoll hits you but does no damage.
The gnoll hits you with a +2 flail of protection.
Casting: Sandblast (safe; 1% risk of failure)
Confirm with . or Enter, or press ? or * to list all spells.
Aiming: Sandblast (safe; 1% risk of failure)
Press: ? - help, Shift-Dir - straight line, f/p - gnoll
Aim: a gnoll, wielding a +0 spear (heavily wounded, 83% to hit)
The blast of sand hits the gnoll!
You kill the gnoll!
Vehumet accepts your kill. The gnoll hits you but does no damage.
The gnoll hits you with a +2 flail of protection!
* * * LOW HITPOINT WARNING * * *
Okay, then.
Casting: Sandblast (safe; 1% risk of failure)
Confirm with . or Enter, or press ? or * to list all spells.
Aiming: Passwall (safe; 5% risk of failure)
Press: ? - help, Dir - move target, f - you Please select a wall.
Okay, then.
Casting: Passwall (safe; 5% risk of failure)
Confirm with . or Enter, or press ? or * to list all spells.
Aiming: Stone Arrow (dangerous; 6% risk of failure)
Press: ? - help, Shift-Dir - straight line, f - gnoll
Aim: a gnoll, wielding a +2 flail of protection (75% to hit)
The stone arrow hits the gnoll!
The gnoll is severely wounded.
The gnoll hits you with a +2 flail of protection!
You die...

#..+....'.....+.....+...
#.##....#######.....####
#.##..........#[....#
#.#####.†.....#.....####
#>....'.......'.....'...
#.#####.......#.....##..
#.......##############..
####.......# ##.
.........).@+ #.
......)...)g# ##
#............# #
..#####....).# # .
##......#.# #
#.........# #
#.######### #. #


You could see a gnoll.

Vanquished Creatures
  A water moccasin (D:4)
  A centaur (D:5)
  A phantom (D:5)
  A scorpion (D:4)
  A hound (D:5)
  An orc priest (D:4)
  A gnoll shaman (D:5)
  Ijyb (D:5)
  2 gnolls (D:5)
  3 adders
  A shadow imp (D:5)
  An ufetubus (D:5)
  A worm (D:3)
  9 orcs
  5 endoplasms
  5 giant cockroaches
  9 goblins
  5 hobgoblins
  6 kobolds
  4 quokkas
  3 ball pythons
  3 bats
  A frilled lizard (D:3)
  2 rats
68 creatures vanquished.

Vanquished Creatures (others)
  A human (D:3)
  2 plants (D:4)
3 creatures vanquished.

Grand Total: 71 creatures vanquished

Notes
Turn   | Place    | Note
-------+----------+-------------------------------------------
     0 | D:1      | dolemite99 the Gargoyle Earth Elementalist began the quest
                  | for the Orb.
     0 | D:1      | Reached XP level 1. HP: 10/10 MP: 3/3
   325 | D:1      | Reached skill level 4 in Earth Magic
   453 | D:1      | Reached XP level 2. HP: 15/15 MP: 0/5
  1294 | D:1      | Found a faded altar of an unknown god.
  1400 | D:1      | Prayed at the altar of an unknown god.
  1400 | D:1      | Became a worshipper of Vehumet
  1400 | D:1      | Reached * piety under Vehumet
  1400 | D:1      | Offered knowledge of Freeze by Vehumet.
  1665 | D:2      | Reached skill level 5 in Earth Magic
  1665 | D:2      | Reached XP level 3. HP: 19/19 MP: 4/6
  2329 | D:3      | Learned a level 2 spell: Passwall
  2333 | D:3      | Learned a level 3 spell: Stone Arrow
  2411 | D:3      | Offered knowledge of Poisonous Vapours by Vehumet.
  2468 | D:3      | Reached ** piety under Vehumet
  2469 | D:3      | Reached skill level 1 in Conjurations
  2934 | D:3      | Found an ornate altar of the Wu Jian Council.
  2981 | D:3      | Found an ancient bone altar of Kikubaaqudgha.
  2982 | D:3      | Noticed a human
  2985 | D:3      | Killed a human
  3089 | D:3      | Found Cemymaud's Weapon Shoppe.
  3346 | D:3      | Reached XP level 4. HP: 24/24 MP: 5/7
  3847 | D:4      | Noticed a scorpion
  3848 | D:4      | Noticed a water moccasin
  3849 | D:4      | Found a white marble altar of Elyvilon.
  3851 | D:4      | Found a blossoming altar of Fedhas.
  3859 | D:4      | Killed a water moccasin
  3860 | D:4      | Reached XP level 5. HP: 2/32 MP: 2/8
  3866 | D:4      | Reached XP level 6. HP: 6/38 MP: 3/9
  4349 | D:4      | Found a burning altar of Makhleb.
  4449 | D:4      | Found a staircase to the Ecumenical Temple.
  4677 | D:5      | Entered Level 5 of the Dungeon
  4764 | D:5      | Reached skill level 6 in Earth Magic
  4764 | D:5      | Reached XP level 7. HP: 15/44 MP: 7/10
  5197 | D:5      | Offered knowledge of Frozen Ramparts by Vehumet.
  5207 | D:5      | Learned a level 3 spell: Frozen Ramparts
  5324 | D:5      | Noticed Ijyb
  5339 | D:5      | Killed Ijyb
  5402 | D:5      | Slain by a gnoll

Illustrated notes

Levels and vault maps discovered:
D:1:      dpeg_arrival_oval, layout_loops_ring,
          chequers_ecumenical_altar_island, patterned_corridor
D:2:      layout_loops_ring
D:3:      layout_basic, tgw_kikubaaqudgha, nzn_wu_jian_contemplation,
          serial_shops, nicolae_shop_bloodbath_and_beyond
D:4:      layout_rooms, gammafunk_temple_overflow_forgotten,
          minmay_temple_entry_junction
D:5:      layout_basic, uniq_ijyb

Skill      XL: |  1  2  3  4  5  6 |
---------------+-------------------+-----
Earth Magic    | 4 5 6 |  6.9
Conjurations   | 1 3 |  3.4
Fighting       | 3 4 |  4.8
Dodging        | |  1.5
Stealth        | |  2.1
Spellcasting   | |  2.0
Transmutations | |  0.7

Action                   |  1- 3 |  4- 6 |  7- 9 || total
-------------------------+-------+-------+-------++-------
Melee: Dagger            |     3 |     9 |     3 ||    15
 Cast: Sandblast         |    50 |    31 |    19 ||   100
       Stone Arrow       |       |     2 |     1 ||     3
Evoke: Wand              |       |       |     3 ||     3
  Use: Scroll            |     5 |     5 |       ||    10
       Potion            |       |     3 |       ||     3
 Stab: Invisible         |       |     1 |       ||     1
Armor: Robe              |    13 |    13 |    14 ||    40
       Skin              |       |     5 |       ||     5
Dodge: Dodged            |    15 |    25 |    14 ||    54

Table legend: (Time is in decaauts)
 A = Elapsed time spent in this place.
 B = Non-inter-level travel time spent in this place.
 C = Inter-level travel time spent in this place.
 D = Time resting spent in this place.
 E = Time spent auto-exploring this place.
 F = Levels seen in this place.
 G = Mean time per level.
                   A        B        C        D        E       F      G
               +--------+--------+--------+--------+--------+-----+--------+
         Total |   5506 |   5379 |    127 |   2352 |   2219 |   5 | 1101.2 |
       Dungeon |   5506 |   5379 |    127 |   2352 |   2219 |   5 | 1101.2 |
               +--------+--------+--------+--------+--------+-----+--------+

Top non-repeatable levels by time:
     D:1: 1588 daAuts
     D:3: 1235 daAuts
     D:4: 1167 daAuts
     D:2: 764 daAuts
     D:5: 749 daAuts
